 Dungeon Crawl Stone Soup version 0.29-a0-878-g7b45a56547 (webtiles) character file.

Game seed: 12498282301792435514

442 buhh the Insei (level 7, 0/60 HPs)
             Began as a Meteoran Transmuter on July 20, 2022.
             Was a Follower of Cheibriados.
             Killed by miscasting Spider Form (11 damage)
             ... on level 6 of the Dungeon.
             The game lasted 00:08:12 (1678 turns).

buhh the Insei (Meteoran Transmuter)                Turns: 1678, Time: 00:08:13

Health: 0/60       AC:  3    Str: 14    XL:     7   Next: 47%
Magic:  9/12       EV: 16    Int: 20    God:    Cheibriados [*.....]
Gold:   82         SH:  0    Dex: 24    Spells: 5/11 levels left

rFire   . . .      SeeInvis .     - Unarmed
rCold   . . .      Faith    .   (no shield)
rNeg    . . .      Spirit   .   b - +0 robe
rPois   .          Reflect  .   (no helmet)
rElec   .          Harm     .   (no cloak)
rCorr   .          Rampage  .   i - +0 pair of gloves
Will    .....                   (no boots)
Stlth   +.........              (no amulet)
HPRegen 0.20/turn               j - +6 ring of dexterity
MPRegen 0.13/turn               (no ring)

@: lethally poisoned (0 -> -5), very slightly contaminated, glowing, very slow
A: sense surroundings 1, otherworldly, glowing, explore regen
a: Renounce Religion, Bend Time


You were on level 6 of the Dungeon.
You worshipped Cheibriados.
Cheibriados was aware of your devotion.
You visited 1 branch of the dungeon, and saw 5 of its levels.

You collected 82 gold pieces.

Inventory:

Hand Weapons
 k - a +2 whip of holy wrath
Armour
 b - a +0 robe (worn)
 i - a +0 pair of gloves (worn)
Jewellery
 j - a +6 ring of dexterity (left hand)
Wands
 B - a wand of acid (6)
 E - a wand of flame (8)
Scrolls
 a - a scroll of fear {unknown}
 c - a scroll of teleportation {!d!d}
 e - a scroll of poison
 f - 3 scrolls of vulnerability
 m - a scroll of silence {!r}
Potions
 g - 2 potions of mutation {unknown}
 h - a potion of invisibility {unknown}
 l - a potion of heal wounds {unknown}
 o - a potion of might {unknown}
 p - a potion of brilliance {unknown}


   Skills:
 + Level 4.4 Fighting
 + Level 5.3 Dodging
 + Level 6.0 Unarmed Combat
 - Level 2.6 Spellcasting
 - Level 2.4 Transmutations


You had 5 spell levels left.
You knew the following spells:

 Your Spells              Type           Power      Damage    Failure   Level
a - Beastly Appendage     Tmut           24%        N/A       5%          1
b - Wereblood             Tmut           12%        N/A       9%          2
c - Spider Form           Tmut/Pois      7%         N/A       26%         3

Your spell library contained the following spells:

 Spells                   Type           Power      Damage    Failure   Level
 Ensorcelled Hibernation  Hex/Ice        4%         N/A       22%         2
 Ice Form                 Ice/Tmut       7%         N/A       65%         4
 Anguish                  Hex/Necr       1%         N/A       82%         4


Dungeon Overview and Level Annotations

Branches:
Dungeon (4/15) Zot: 2130   Temple (0/1) D:4

Altars:
Cheibriados
Elyvilon
Vehumet
Xom

Shops:
D:1 !   D:4 [


Innate Abilities, Weirdness & Mutations

You passively map a small area around you.
You are easily found by Zot.
You glow in the dark.
You regain HP and MP as you explore.


Message History

You hear the slow rusting of a very distant drain.
Your transformation has ended.
Your +0 pair of gloves unmelds from your body.
Your +0 robe unmelds from your body.
The crimson imp shouts, "Turn tail, thou jarring onion-eyed nert!"
Your magical contamination has completely faded away.
The crimson imp attacks as you move away!
The crimson imp hits you but does no damage.
The crimson imp blinks!
The crimson imp hits you.
* * * LOW HITPOINT WARNING * * *
Aiming: Corrosive Bolt
Press: ? - help, Shift-Dir - straight line The bolt of acid hits the crimson imp!
The acid corrodes the crimson imp!
The crimson imp is almost dead.
The crimson imp hits you but does no damage.
Aiming: Corrosive Bolt
Press: ? - help, Shift-Dir - straight line The bolt of acid hits the crimson imp!
The crimson imp seems to be corroded for longer.
You kill the crimson imp!
Cheibriados appreciates the change of pace.
Cheibriados raises the support of your attributes as your movement slows.
Unknown command.
Found a stone staircase leading down.
You feel a little less mighty now.
An orc and an ogre come into view.
The orc shouts!
The ogre shouts!
You hear a shout!
An orc comes into view. It is wielding a +0 short sword.
An orc warrior comes into view. It is wielding a +0 glaive.
The orc warrior shouts!
You hear a shout! x2
An orc comes into view.
It is wielding a +1 hand axe of draining.
The ogre attacks as you move away!
The ogre hits you with a +0 giant club!!
* * * LOW HITPOINT WARNING * * *
Okay, then.
You miscast Spider Form.
You are very lightly contaminated with residual magic.
You feel odd!
You are poisoned.
You die...

****,*****#.#************,****,
*,,* #o# *,,,,,, **,** #.#
******, *,,* #o# *, *#,** #o#
*, ##..###?#######****** *,
****
#........O.....,,,,,*******
,,,*
#.#..##o##########*,*,,,,,,
,,,*
*,##.#...O@.......,,,,,,,,,
,,,*
*,*#.#..##########*,*,*****
,,,* *,*#.#..# *,*,* ,,,*
*,*#....# *,*,* ,,,* *,*##...#
*,*,***** ,,,* *,* #...#
*********,*,,,,,, ,,,****,*
##..# *,,,,,,,,,*******
,,,,,,,,* #..# *,*********
********* #..##*,*


You could see an ogre and an orc.

Vanquished Creatures
  An ogre (D:6)
  A scorpion (D:4)
  3 crimson imps (D:6)
  An orc priest (D:4)
  Terence (D:3)
  An orc wizard (D:3)
  3 adders
  A worm (D:3)
  2 dart slugs
  14 orcs
  3 ball pythons
  7 endoplasms
  4 giant cockroaches
  9 goblins
  5 hobgoblins
  4 jackals (D:2)
  7 kobolds
  3 quokkas
  4 bats
  2 frilled lizards
  3 rats
79 creatures vanquished.

Notes
Turn   | Place    | Note
-------+----------+-------------------------------------------
     0 | D:1      | buhh the Meteoran Transmuter began the quest for the Orb.
     0 | D:1      | Reached XP level 1. HP: 16/16 MP: 5/5
   101 | D:1      | Reached XP level 2. HP: 22/23 MP: 6/6
   225 | D:1      | Found a faded altar of an unknown god.
   228 | D:1      | Found Ilegemp's Distillery.
   408 | D:2      | Reached skill level 4 in Unarmed Combat
   420 | D:2      | Reached XP level 3. HP: 23/29 MP: 8/8
   583 | D:1      | Reached XP level 4. HP: 30/36 MP: 9/9
   987 | D:3      | Found a radiant altar of Vehumet.
  1022 | D:2      | Learned a level 2 spell: Wereblood
  1026 | D:2      | Learned a level 3 spell: Spider Form
  1129 | D:3      | Found a snail-covered altar of Cheibriados.
  1141 | D:3      | Became a worshipper of Cheibriados the Contemplative
  1181 | D:3      | Reached XP level 5. HP: 26/42 MP: 4/10
  1268 | D:3      | Noticed Terence
  1275 | D:3      | Killed Terence
  1303 | D:3      | Reached skill level 5 in Unarmed Combat
  1308 | D:4      | Found a staircase to the Ecumenical Temple.
  1396 | D:4      | Found Cutyz's Armour Shoppe.
  1407 | D:4      | Reached XP level 6. HP: 44/51 MP: 11/11
  1409 | D:4      | Reached * piety under Cheibriados
  1421 | D:4      | Found a white marble altar of Elyvilon.
  1556 | D:4      | You fall into a shaft and drop 2 floors!
  1586 | D:6      | Noticed an ogre
  1592 | D:6      | Killed an ogre
  1593 | D:6      | Reached skill level 5 in Dodging
  1593 | D:6      | Reached XP level 7. HP: 35/59 MP: 9/12
  1626 | D:6      | Found a shimmering altar of Xom.
  1638 | D:6      | Reached skill level 6 in Unarmed Combat
  1678 | D:6      | Killed by miscasting Spider Form

Illustrated notes

Levels and vault maps discovered:
D:1:      matt_arrival_diagonals, layout_basic,
          shapermc_ecumenical_altar_flowoftime, serial_shops,
          nicolae_shop_crystal, serial_bayou_pond_e, minmay_surrounded
D:2:      layout_basic
D:3:      layout_loops_ring, vehumet_altar_wand_db, kennysheep_slug_shrine,
          uniq_terence
D:4:      layout_gridville, elyvilon_altar_4,
          mainiacjoe_overflow_small_starburst, trog_book,
          minmay_temple_entry_slanted, serial_shops, nicolae_stop_n_shop_1,
          minivault_24, kennysheep_crisscross, uniq_grinder
D:6:      layout_basic, led_xom_imps, grunt_gozag_statues, portal_sewer_entry_f

Skill      XL: |  1  2  3  4  5  6  7 |
---------------+----------------------+-----
Unarmed Combat | 4 5 6 |  6.0
Dodging        | 3 4 5 |  5.3
Fighting       | 2 3 4 |  4.4
Spellcasting   | |  2.6
Transmutations | |  2.4

Action                   |  1- 3 |  4- 6 |  7- 9 || total
-------------------------+-------+-------+-------++-------
Melee: Unarmed           |    60 |   111 |    11 ||   182
       Kick              |    15 |    17 |       ||    32
       Headbutt          |     4 |     4 |       ||     8
       Punch             |     1 |     1 |       ||     2
 Cast: Beastly Appendage |    14 |     6 |       ||    20
       Spider Form       |       |    15 |     1 ||    16
Evoke: Wand              |       |       |     2 ||     2
  Use: Scroll            |       |     6 |       ||     6
       Potion            |       |     1 |       ||     1
Armor: Robe              |    28 |    10 |     6 ||    44
       Skin              |       |     2 |     1 ||     3
Dodge: Dodged            |    21 |    79 |    12 ||   112

Table legend: (Time is in decaauts)
 A = Elapsed time spent in this place.
 B = Non-inter-level travel time spent in this place.
 C = Inter-level travel time spent in this place.
 D = Time resting spent in this place.
 E = Time spent auto-exploring this place.
 F = Levels seen in this place.
 G = Mean time per level.
                   A        B        C        D        E       F      G
               +--------+--------+--------+--------+--------+-----+--------+
         Total |   1800 |   1743 |     57 |     24 |    293 |   5 |  360.0 |
       Dungeon |   1800 |   1743 |     57 |     24 |    293 |   5 |  360.0 |
               +--------+--------+--------+--------+--------+-----+--------+

Top non-repeatable levels by time:
     D:2: 610 daAuts
     D:3: 449 daAuts
     D:1: 392 daAuts
     D:4: 203 daAuts
     D:6: 145 daAuts
